 Dungeon Crawl Stone Soup version 0.27.0-1-g7a089689b8 (webtiles) character file.

Game seed: 871916701365953047

2598 SnakkuSnakku7 the Cleaver (level 9, -2/121 HPs)
             Began as a Naga Berserker on Aug 8, 2021.
             Was an Elder of Trog.
             Engulfed by a steam dragon's steam (3 damage)
             ... on level 8 of the Dungeon.
             The game lasted 00:08:37 (6927 turns).

SnakkuSnakku7 the Cleaver (Naga Berserker)          Turns: 6927, Time: 00:08:38

Health: -2/121     AC:  8    Str: 22    XL:     9   Next: 59%
Magic:  9/9        EV:  5    Int:  7    God:    Trog [****..]
Gold:   195        SH:  0    Dex: 12    Spells: 8/8 levels left

rFire    . . .     SeeInvis +   a - +1 war axe
rCold    . . .     Faith    +   (no shield)
rNeg     . . .     Spirit   .   C - +2 leather armour {Will+}
rPois    +         Reflect  .   n - +1 helmet
rElec    .         Harm     .   (no cloak)
rCorr    .         Rampage  .   (no gloves)
Will     ++...                  (no barding)
Stlth    ..........             y - amulet of faith
HPRegen  0.30/turn              (no ring)
MPRegen  0.11/turn              (no ring)

@: berserking (expiring), held, quick
A: AC +3, large, see invisible, deformed body, poison resistance, slowness 2,
spit poison 1, naga tail 1
a: Spit Poison, Renounce Religion, Berserk, Trog's Hand, Brothers in Arms


You were on level 8 of the Dungeon.
You worshipped Trog.
Trog was greatly pleased with you.
You visited 1 branch of the dungeon, and saw 8 of its levels.

You collected 195 gold pieces.

Inventory:

Hand Weapons
 a - a +1 war axe (weapon)
 D - a +0 morningstar
Missiles
 x - 6 curare-tipped darts (quivered)
Armour
 n - a +1 helmet (worn)
 v - a +2 robe of fire resistance
 C - a +2 leather armour of willpower (worn)
Jewellery
 i - an amulet of guardian spirit
 y - an amulet of faith (around neck)
Wands
 A - a wand of flame (16)
 B - a wand of mindburst (8)
Scrolls
 d - a scroll of silence {unknown}
 f - a scroll of fear
 g - a scroll of magic mapping
 j - 2 scrolls of teleportation
 p - a scroll of blinking {unknown}
 q - a scroll of enchant armour
 r - a scroll of noise {unknown}
 t - 2 scrolls of enchant weapon
 E - a scroll of holy word {unknown}
Potions
 b - a potion of invisibility {unknown}
 c - a potion of attraction
 e - a potion of lignification {unknown}
 h - 3 potions of curing
 l - a potion of berserk rage {unknown}
 u - a potion of brilliance {unknown}
 w - a potion of degeneration {unknown}
 z - a potion of mutation {unknown}


   Skills:
 - Level 5.0 Fighting
 + Level 9.8 Axes
 - Level 6.0 Throwing
 - Level 1.5 Armour
 - Level 1.5 Dodging
 + Level 3.5 Evocations


You had 8 spell levels left.
You didn't know any spells.
Your spell library was empty.

Dungeon Overview and Level Annotations

Branches:
Dungeon (8/15)             Temple (0/1) D:5
   Lair: D:8-11

Altars:
Trog

Annotations:
D:5 1 runed translucent door, ZARRMARR's ghost, novice HOMo


Innate Abilities, Weirdness & Mutations

Your serpentine skin is tough. (AC +3)
You have supernaturally acute eyesight. (SInv)
Armour fits poorly on your strangely shaped body.
Your system is resistant to poisons. (rPois)
You cover ground very slowly.
You can spit poison.
You have a snake-like lower body.


Message History

You slash the gnoll sergeant!
You kill the gnoll sergeant!
Trog accepts your kill.
You are engulfed in a cloud of scalding steam.
* * * LOW HITPOINT WARNING * * *
The gnoll hits you but does no damage.
The gnoll hits you from afar with a +0 halberd.
* * * LOW HITPOINT WARNING * * *
You barely miss the steam dragon.
The steam dragon is lightly wounded.
The steam dragon breathes steam at you. The ball of steam hits you!
* * * LOW HITPOINT WARNING * * *
Unknown command.
You closely miss the steam dragon.
The steam dragon is lightly wounded.
You are engulfed in a cloud of scalding steam.
The gnoll hits you from afar with a +0 spear.
* * * LOW HITPOINT WARNING * * *
The gnoll hits you from afar with a +0 halberd.
* * * LOW HITPOINT WARNING * * *
The steam dragon misses you.
The steam dragon claws you but does no damage.
You closely miss the steam dragon.
The steam dragon is lightly wounded.
You are engulfed in a cloud of scalding steam.
* * * LOW HITPOINT WARNING * * *
The gnoll throws a throwing net.
The throwing net hits you.
You become entangled in the net!
The gnoll completely misses you.
Unknown command.
You struggle against the net.
You are engulfed in a cloud of scalding steam.
* * * LOW HITPOINT WARNING * * *
The steam dragon bites you.
* * * LOW HITPOINT WARNING * * *
The steam dragon claws you but does no damage.
You struggle against the net.
You feel a strong urge to attack something.
You are engulfed in a cloud of scalding steam.
You die...

..:.... ..........
...#.#.... ......... ..
.!#.#.. .####. ..g.
...#..###D# .
........@)### #..
...§§§§..g.# ....
.....§§..)###/....
#####§.§........## .
######..§...).....#
....#.<.##..#.).......#
#......>....##....#.....
##.....#....####..#....#
####.###...# #### ....


You could see a steam dragon and 2 gnolls.

Vanquished Creatures
  A hornet (D:7)
  Grinder (D:5)
  Sigmund (D:5)
  A wyvern (D:6)
  A steam dragon (D:7)
  Duvessa (D:5)
  A water moccasin (D:6)
  An ice beast (D:5)
  A sky beast (D:6)
  A necrophage (D:5)
  An ogre (D:6)
  A phantom (D:5)
  A kobold brigand (D:6)
  Blork the orc (D:5)
  A bullfrog (D:6)
  A gnoll sergeant (D:8)
  A scorpion (D:4)
  Dowan (D:5)
  A centaur zombie (D:5)
  2 bullfrog zombies
  3 hounds
  A bullfrog skeleton (D:6)
  3 orc priests
  A centaur skeleton (D:7)
  Ijyb (D:5)
  4 orc wizards
  3 hound skeletons
  7 gnolls
  7 adders
  2 white imps
  2 worms (D:2)
  5 dart slugs
  20 orcs
  9 endoplasms
  3 giant cockroaches (D:4)
  5 goblins
  10 hobgoblins
  3 jackals (D:2)
  5 quokkas
  2 bats
  5 frilled lizards
  7 kobolds
  7 rats
136 creatures vanquished.

Notes
Turn   | Place    | Note
-------+----------+-------------------------------------------
     0 | D:1      | SnakkuSnakku7 the Naga Berserker began the quest for the
                  | Orb.
     0 | D:1      | Reached XP level 1. HP: 21/21 MP: 1/1
   343 | D:1      | Reached XP level 2. HP: 24/28 MP: 2/2
   712 | D:1      | Found a faded altar of an unknown god.
   841 | D:1      | Reached XP level 3. HP: 30/34 MP: 3/3
  1452 | D:2      | Reached ** piety under Trog
  1659 | D:2      | Reached skill level 4 in Axes
  1659 | D:2      | Reached XP level 4. HP: 44/44 MP: 4/4
  2452 | D:3      | Reached XP level 5. HP: 51/51 MP: 5/5
  3409 | D:4      | Reached skill level 5 in Axes
  3461 | D:4      | Reached skill level 5 in Fighting
  3461 | D:4      | Reached XP level 6. HP: 58/61 MP: 6/6
  3783 | D:4      | Reached skill level 1 in Throwing
  4026 | D:5      | Entered Level 5 of the Dungeon
  4032 | D:5      | Found a bloodstained altar of Trog.
  4095 | D:5      | Noticed Sigmund
  4109 | D:5      | Killed Sigmund
  4110 | D:5      | Reached XP level 7. HP: 55/67 MP: 7/7
  4173 | D:5      | Reached skill level 6 in Axes
  4289 | D:5      | Noticed Dowan
  4289 | D:5      | Noticed Duvessa
  4301 | D:5      | Killed Duvessa
  4301 | D:5      | Killed Dowan
  4336 | D:5      | Found a runed translucent door.
  4337 | D:5      | Noticed Blork the orc
  4348 | D:5      | Killed Blork the orc
  4348 | D:5      | Reached *** piety under Trog
  4538 | D:5      | Found a staircase to the Ecumenical Temple.
  4598 | D:5      | Reached XP level 8. HP: 65/74 MP: 8/8
  4677 | D:5      | Noticed Grinder
  4691 | D:5      | Reached skill level 7 in Axes
  4699 | D:5      | Killed Grinder
  4874 | D:5      | Noticed Ijyb
  4885 | D:5      | Killed Ijyb
  4939 | D:5      | Reached skill level 5 in Throwing
  5070 | D:5      | Noticed ZARRMARR's ghost (novice HOMo)
  5183 | D:6      | Reached skill level 8 in Axes
  5659 | D:6      | Noticed a wyvern
  5663 | D:6      | Killed a wyvern
  5664 | D:6      | Reached XP level 9. HP: 81/81 MP: 9/9
  5855 | D:6      | Reached skill level 9 in Axes
  5963 | D:6      | Reached skill level 1 in Evocations
  6442 | D:7      | Noticed a hornet
  6451 | D:7      | Killed a hornet
  6907 | D:8      | Reached **** piety under Trog
  6925 | D:8      | HP: 4/121 [steam dragon] (4)]
  6926 | D:8      | HP: 1/121 [steam dragon (2)]
  6927 | D:8      | Engulfed by a steam dragon's steam

Illustrated notes

Levels and vault maps discovered:
D:1:      wander_arrival_estate, layout_basic,
          ebering_ecumenical_altar_sacrificial
D:2:      layout_loops_ring, minmay_misc_feat_x
D:3:      layout_loops_corners
D:4:      layout_cave_pods
D:5:      layout_cave_pools, lightli_temple_of_fire, minmay_temple_entry_waves,
          ebering_ghost_reflecting_pool, uniq_duvessa, uniq_blork_the_orc,
          uniq_sigmund, uniq_grinder, uniq_ijyb
D:6:      layout_loops_corners, nicolae_lava_and_water
D:7:      layout_basic
D:8:      nzn_winding_woodlands_three_and_one
          [nzn_winding_woodlands_5x15_split_checker,
          nzn_winding_woodlands_5x15_river_crossing,
          nzn_winding_woodlands_5x15_default,
          nzn_winding_woodlands_center_pierced_h], layout_cave_pools,
          serial_shops, shop_fountains, serial_glass, glass_columns_c,
          glass_columns_a, glass_columns_c, glass_columns_a, glass_columns_b,
          due_unseen_surprise, minmay_strange_pillars, st_stairs_3,
          david_defended_altar_orc

Skill      XL: |  1  2  3  4  5  6  7  8  9 |
---------------+----------------------------+-----
Fighting       | 4 5 |  5.0
Axes           | 4 5 6 8 9 |  9.8
Throwing       | 2 4 6 |  6.0
Evocations     | 3 |  3.5
Armour         | |  1.5
Dodging        | |  1.5

Action                   |  1- 3 |  4- 6 |  7- 9 || total
-------------------------+-------+-------+-------++-------
Melee: Hand axe          |    95 |    58 |       ||   153
       War axe           |       |    71 |   239 ||   310
Throw: Dart              |       |     3 |     2 ||     5
Invok: Berserk           |     4 |     4 |    12 ||    20
       Trog's Hand       |       |     2 |     1 ||     3
 Abil: Spit Poison       |     3 |     4 |       ||     7
  Use: Scroll            |       |     3 |     4 ||     7
       Potion            |       |     1 |       ||     1
Armor: Ring mail         |    16 |    15 |       ||    31
       Animal skin       |     1 |       |       ||     1
       Scale mail        |       |    27 |    10 ||    37
       Robe              |       |       |    16 ||    16
       Leather armour    |       |       |    77 ||    77
Dodge: Dodged            |    37 |    64 |   112 ||   213
